 Dungeon Crawl Stone Soup version 0.31.0-32-g396128a36d (webtiles) character file.

Game seed: 10289821295159301130

1844 PaiMei the Digger (level 9, -3/54 HPs)
             Began as a Gargoyle Earth Elementalist on Apr 10, 2024.
             Was an Initiate of Vehumet.
             Slain by an orc warrior
             ... wielding a +0 halberd
              (8 damage)
             ... in a bailey.
             The game lasted 00:11:08 (8118 turns).

PaiMei the Digger (Gargoyle Earth Elementalist)     Turns: 8118, Time: 00:11:08

Health: -3/54      AC: 12    Str: 17    XL:     9   Next: 12%
Magic:  4/16       EV: 12    Int: 21    God:    Vehumet [......]
Gold:   379        SH:  0    Dex: 10    Spells: 11/18 levels left

rFire   . . .        o - +1 whip (venom)
rCold   . . .        (no shield)
rNeg    + . .        a - +0 robe
rPois   ∞            p - +0 helmet
rElec   +            (no cloak)
rCorr   .            h - +0 pair of gloves
SInv    +            g - +0 pair of boots
Will    .....        (no amulet)
Stlth   ++           d - +6 ring of strength
HPRegen 0.29/turn    n - ring of see invisible
MPRegen 0.15/turn

%: no passive effects
@: no status effects
A: sickness immunity, AC +6, negative energy resistance 1, electricity
resistance, torment resistance 1, petrification resistance
a: Renounce Religion


You were in a bailey.
You worshipped Vehumet.
Vehumet was noncommittal.
You visited 2 branches of the dungeon, and saw 8 of its levels.
You also visited: Bailey.

You collected 379 gold pieces.

Inventory:

Hand Weapons
 o - a +1 whip of venom (weapon)
 D - a +3 great sword of freezing
 E - a +4 morningstar
Missiles
 c - 6 darts of dispersal (quivered)
 f - 104 stones
Armour
 a - a +0 robe (worn)
 g - a +0 pair of boots (worn)
 h - a +0 pair of gloves (worn)
 p - a +0 helmet (worn)
Jewellery
 d - a +6 ring of strength (left hand)
 n - a ring of see invisible (right hand)
Wands
 u - a wand of charming (6)
 y - a wand of iceblast (1)
 F - a wand of mindburst (19)
Scrolls
 l - a scroll of revelation {unknown}
 m - 3 scrolls of noise {unknown}
 r - 8 scrolls of identify {unknown}
 s - 3 scrolls of teleportation {unknown}
 v - a scroll of vulnerability {unknown}
 w - a scroll of poison {unknown}
 x - a scroll of butterflies {unknown}
 z - a scroll of fear {unknown}
 A - a scroll of fog {unknown}
 C - a scroll of blinking {unknown}
Potions
 b - a potion of magic
 e - 3 potions of invisibility {unknown}
 i - 6 potions of curing {unknown}
 j - a potion of ambrosia {unknown}
 k - 2 potions of brilliance {unknown}
 q - a potion of heal wounds {unknown}
 t - a potion of mutation {unknown}
 B - a potion of degeneration {unknown}


   Skills:
 + Level 5.2 Fighting
 + Level 5.2 Armour
 - Level 1.8 Dodging
 - Level 2.6 Stealth
 + Level 5.0 Spellcasting
 + Level 5.6 Conjurations
 + Level 7.1 Earth Magic


You had 11 spell levels left.
You knew the following spells:

 Your Spells              Type           Power      Damage    Failure   Level
a - Sandblast             Erth           70%        2d15      1%          1
b - Stone Arrow           Conj/Erth      64%        3d11      2%          3
c - Passwall              Erth           35%        N/A       1%          3

Your spell library contained the following spells:

 Spells                   Type           Power      Damage    Failure   Level
 Magic Dart               Conj           100%       1d8       1%          1
 Searing Ray              Conj           56%        2d6       1%          2
 Brom's Barrelling Bould  Conj/Erth      32%        2d5       8%          4
 Dazzling Flash           Conj/Hex       34%        N/A       11%         3
 Scorch                   Fire           10%        2d5       16%         2
 Mephitic Cloud           Conj/Alch/Air  13%        N/A       16%         3
 Petrify                  Alch/Erth      20%        N/A       24%         4
 Gell's Gravitas          Tloc           5%         N/A       32%         3
 Teleport Other           Tloc           5%         N/A       32%         3
 Flame Wave               Conj/Fire      17%        2d7       34%         4
 Fulminant Prism          Conj/Alch      8%         3d7       34%         4
 Curse of Agony           Necr           5%         N/A       96%         5
 Silence                  Hex/Air        2%         N/A       96%         5
 Dispersal                Tloc           2%         N/A       100%        6
 Summon Cactus Giant      Summ           2%         N/A       100%        6


Dungeon Overview and Level Annotations

Branches:
Dungeon (7/15)             Temple (1/1) D:6          Bailey (1/1)

Altars:
Fedhas
Gozag
Kikubaaqudgha
Nemelex Xobeh
Qazlal
Sif Muna
Trog
Uskayaw
Vehumet
Wu Jian
Yredelemnul
Zin
The Shining One

Shops:
D:1 [*?(   D:5 *(

Annotations:
D:3 3 runed translucent doors, Squishy's ghost, amateur MiGl; gamers12's ghost, weakling MfBe; panicmichael's ghost, amateur SpAl; runthedishwasher's ghost, amateur SpBr; yey's ghost, amateur TrGl


Innate Abilities, Weirdness & Mutations

You are immune to sickness and miasma.
Your stone body is resilient. (AC +6)
You are immune to poison.
You resist negative energy. (rN+)
You are resistant to electric shocks. (rElec)
You are resistant to unholy torment.
You are immune to petrification.


Message History

a +0 hand axe; an orc corpse You closely miss the orc.
The orc warrior hits you from afar with a +0 halberd!
The orc barely misses you. The orc hits you but does no damage.
Casting: Stone Arrow (dangerous; 2% risk of failure)
Confirm with . or Enter, or press ? or * to list all spells.
Aiming: Stone Arrow (dangerous; 2% risk of failure)
Press: ? - help, Shift-Dir - straight line, f - orc
Aim: an orc, wielding a +0 war axe (74% to hit)
The stone arrow misses the orc.
The orc hits you but does no damage.
The orc warrior hits you with a +0 halberd.
The orc hits you but does no damage. The orc hits you with a +0 war axe.
Casting: Stone Arrow (dangerous; 2% risk of failure)
Confirm with . or Enter, or press ? or * to list all spells.
Aiming: Stone Arrow (dangerous; 2% risk of failure)
Press: ? - help, Shift-Dir - straight line, f/p - orc
Aim: an orc, wielding a +0 war axe (74% to hit)
The stone arrow misses the orc.
The orc hits you with a +0 war axe.
The orc warrior hits you with a +0 halberd.
* * * LOW HITPOINT WARNING * * *
The orc barely misses you. The orc completely misses you.
Casting: Stone Arrow (dangerous; 2% risk of failure)
Confirm with . or Enter, or press ? or * to list all spells.
Aiming: Stone Arrow (dangerous; 2% risk of failure)
Press: ? - help, Shift-Dir - straight line, f/p - orc
Aim: an orc, wielding a +0 war axe (74% to hit)
The stone arrow hits the orc!
You kill the orc!
Vehumet accepts your kill.
The orc warrior hits you with a +0 halberd!
* * * LOW HITPOINT WARNING * * *
The orc hits you but does no damage. x2
Casting: Stone Arrow (dangerous; 2% risk of failure)
Confirm with . or Enter, or press ? or * to list all spells.
Aiming: Stone Arrow (dangerous; 2% risk of failure)
Press: ? - help, Shift-Dir - straight line, f - orc warrior
Aim: an orc warrior, wielding a +0 halberd and wearing a +0 ring mail (67% to hit)
The stone arrow misses the orc warrior.
The orc warrior hits you with a +0 halberd!
You die...

#######
##..∩..##
#.......#
#∩.....∩#
#.......#
#....)).#
#..#.#@o#
#.##8##o#
#. #.#.o#
# ....o#
..o..#
......#
.....##
###+##


You could see an orc warrior and 3 orcs.

Vanquished Creatures
  Prince Ribbit (D:7)
  A black bear (D:5)
  A phantom (D:6)
  A gnoll sergeant (D:7)
  A scorpion (D:5)
  9 wights (D:6)
  2 electric eels (D:6)
  A howler monkey (D:5)
  A bombardier beetle (D:5)
  6 hounds
  3 sleepcaps
  2 orc wizards
  3 iguanas
  17 gnolls
  10 adders
  5 dart slugs
  A ribbon worm (D:5)
  14 orcs
  5 ball pythons
  A bat (D:2)
  7 endoplasms
  2 giant cockroaches
  10 goblins
  9 hobgoblins
  3 jackals (D:2)
  9 kobolds
  8 quokkas
  3 frilled lizards
  3 rats
139 creatures vanquished.

Notes
Turn   | Place    | Note
-------+----------+-------------------------------------------
     0 | D:1      | PaiMei the Gargoyle Earth Elementalist began the quest for
                  | the Orb.
     0 | D:1      | Reached XP level 1. HP: 10/10 MP: 3/3
    38 | D:1      | Found Syhaffe's Magic Scroll Emporium.
    39 | D:1      | Found Nomedoh's Assorted Antiques.
   140 | D:1      | Found Roroch's Antique Armour Shop.
   209 | D:1      | Reached XP level 2. HP: 12/15 MP: 5/5
   669 | D:1      | Reached XP level 3. HP: 19/19 MP: 6/6
   701 | D:1      | Found Ywyufiel's Weapon Boutique.
   841 | D:1      | Found a faded altar of an unknown god.
  1294 | D:2      | Reached skill level 4 in Earth Magic
  2219 | D:3      | Reached XP level 4. HP: 9/24 MP: 7/7
  2317 | D:3      | Reached skill level 1 in Armour
  2339 | D:3      | Found a runed translucent gate.
  2339 | D:3      | Found a runed translucent gate.
  2339 | D:3      | Found a runed translucent gate.
  2341 | D:3      | Noticed panicmichael's ghost (amateur SpAl)
  2341 | D:3      | Noticed Squishy's ghost (amateur MiGl)
  2343 | D:3      | Noticed gamers12's ghost (weakling MfBe)
  2343 | D:3      | Noticed yey's ghost (amateur TrGl)
  2343 | D:3      | Noticed runthedishwasher's ghost (amateur SpBr)
  2430 | D:3      | Found a shimmering blue altar of Sif Muna.
  2576 | D:3      | Reached skill level 1 in Fighting
  2825 | D:3      | Reached XP level 5. HP: 27/29 MP: 6/8
  3219 | D:4      | Found a blossoming altar of Fedhas.
  3394 | D:4      | Reached XP level 6. HP: 20/35 MP: 10/10
  3622 | D:4      | Reached skill level 5 in Earth Magic
  3852 | D:5      | Entered Level 5 of the Dungeon
  3853 | D:5      | Noticed a black bear
  3869 | D:5      | Killed a black bear
  3874 | D:5      | Reached XP level 7. HP: 6/40 MP: 6/12
  4235 | D:5      | Found Moemuit's Weapon Shoppe.
  4683 | D:5      | Found Focyad's Fire Supplies.
  4950 | D:5      | Found a basalt altar of Yredelemnul.
  5128 | D:5      | Found a bloodstained altar of Trog.
  5862 | D:6      | Reached XP level 8. HP: 41/48 MP: 12/14
  5994 | D:6      | Found an opulent altar of Gozag.
  6043 | D:6      | Found an ancient bone altar of Kikubaaqudgha.
  6043 | D:6      | Found a glowing silver altar of Zin.
  6177 | D:6      | Reached skill level 6 in Earth Magic
  6563 | D:5      | Learned a level 3 spell: Stone Arrow
  6567 | D:5      | Learned a level 3 spell: Passwall
  6683 | D:6      | Found a staircase to the Ecumenical Temple.
  7173 | D:6      | Reached skill level 5 in Conjurations
  7527 | Temple   | Entered the Ecumenical Temple
  7537 | Temple   | Became a worshipper of Vehumet
  7631 | D:7      | Noticed Prince Ribbit
  7635 | D:7      | Killed Prince Ribbit
  7636 | D:7      | Reached skill level 5 in Fighting
  7636 | D:7      | Reached skill level 5 in Armour
  7636 | D:7      | Reached XP level 9. HP: 54/54 MP: 2/16
  7704 | D:7      | Reached skill level 7 in Earth Magic
  7816 | D:7      | Reached skill level 5 in Spellcasting
  8021 | D:7      | Found a flagged portal.
  8097 | Bailey   | Entered a bailey
  8118 | Bailey   | Slain by an orc warrior

Illustrated notes

Levels and vault maps discovered:
D:1:      saegor_arrival_under_anarchy, layout_basic,
          shapermc_ecumenical_altar_notcrosses, serial_shops,
          nicolae_shop_window_shopping, nicolae_shop_gibbet_a_chance,
          nicolae_shop_real_fake_doors, shop
D:2:      layout_basic
D:3:      layout_rooms, lemuel_tele_altar, gammafunk_ghost_cemetery,
          serial_bayou_crossing
D:4:      layout_loops_ring, lemuel_doored_altar,
          eino_small_chamber_without_monster, minmay_mini_jars
D:5:      layout_basic, mainiacjoe_overflow_tiny_flanked, lemuel_round_altar,
          serial_shops, shop, nicolae_shop_fire_sale [nicolae_sub_dead_trees],
          grunt_ministairs_6
D:6:      layout_loops_cross, nicolae_gozag_cash_rules_everything_around_me,
          gammafunk_temple_overflow_elements, temple_fountains,
          water_maze_lemuel
D:7:      layout_rooms, nicolae_hepliaklqana_monster_ancestors, enter_bailey_3,
          uniq_prince_ribbit1
Temple:   hellmonk_temple_flake
Bailey:   bailey_polearm_5, bailey

Skill      XL: |  1  2  3  4  5  6  7  8  9 |
---------------+----------------------------+-----
Earth Magic    | 4 5 6 7 |  7.1
Conjurations   | 2 3 4 5 |  5.6
Armour         | 1 2 3 5 |  5.2
Fighting       | 1 2 3 5 |  5.2
Spellcasting   | 3 4 5 |  5.0
Dodging        | |  1.8
Stealth        | |  2.6

Action                     |  1- 3 |  4- 6 |  7- 9 || total
---------------------------+-------+-------+-------++-------
  Melee: Hand axe          |   130 |       |       ||   130
         Unarmed           |     2 |       |       ||     2
         Whip              |       |   116 |   210 ||   326
         Punch             |       |     2 |     4 ||     6
   Cast: Sandblast         |     1 |    14 |     5 ||    20
         Stone Arrow       |       |       |    36 ||    36
   Stab: Sleeping          |     5 |     4 |     1 ||    10
         Distracted        |       |       |     1 ||     1
 Armour: Robe              |    71 |    94 |   194 ||   359
  Dodge: Dodged            |   108 |    78 |   158 ||   344
